 Dungeon Crawl Stone Soup version 0.31-a0-795-g5eb97db20b (webtiles) character file.

Game seed: 16335084466194463383

499 senseless the Trooper (level 6, -6/57 HPs)
             Began as a Minotaur Fighter on Sept 18, 2023.
             Mangled by Menkaure (8 damage)
             ... on level 4 of the Dungeon.
             The game lasted 00:04:35 (2430 turns).

senseless the Trooper (Minotaur Fighter)            Turns: 2430, Time: 00:04:36

Health: -6/57      AC: 12    Str: 22    XL:     6   Next: 94%
Magic:  5/5        EV:  6    Int:  5    God:
Gold:   111        SH:  6    Dex: 16    Spells: 5/5 levels left

rFire   + . .        a - +0 war axe
rCold   . . .        c - +0 buckler
rNeg    . . .        n - +0 plate armour
rPois   .            (helmet restricted)
rElec   .            (no cloak)
rCorr   .            (no gloves)
SInv    .            (no boots)
Will    .....        (no amulet) Stlth
                     g - ring of protection from fire
HPRegen 0.29/turn    j - +6 ring of dexterity
MPRegen 0.09/turn

%: no passive effects
@: no status effects
A: horns 2, retaliatory headbutt
a: no special abilities


You were on level 4 of the Dungeon.
You visited 1 branch of the dungeon, and saw 4 of its levels.

You collected 111 gold pieces.

Inventory:

Hand Weapons
 a - a +0 war axe (weapon)
Armour
 b - a +2 scale mail of fire resistance
 c - a +0 buckler (worn)
 n - a +0 plate armour (worn)
Jewellery
 g - a ring of protection from fire (left hand)
 j - a +6 ring of dexterity (right hand)
 y - a ring of fire
 z - a +6 ring of intelligence
Wands
 u - a wand of flame (34) (quivered)
Scrolls
 e - 3 scrolls of amnesia {unknown}
 f - a scroll of blinking {unknown}
 i - 2 scrolls of teleportation {unknown}
 p - a scroll of fear {unknown}
 q - a scroll of noise {unknown}
 r - 3 scrolls of identify {unknown}
 s - a scroll of poison {unknown}
 t - a scroll of revelation {unknown}
 v - a scroll of torment {unknown}
Potions
 d - a potion of might
 h - 4 potions of enlightenment {unknown}
 k - 4 potions of curing {unknown}
 l - a potion of brilliance {unknown}
 m - a potion of ambrosia {unknown}
 o - a potion of degeneration {unknown}
 w - a potion of resistance {unknown}
 x - a potion of lignification {unknown}


   Skills:
 + Level 5.7 Fighting
 + Level 4.9 Axes
 + Level 5.6 Armour
 + Level 5.7 Shields


You had 5 spell levels left.
You didn't know any spells.
Your spell library was empty.

Dungeon Overview and Level Annotations

Branches:
Dungeon (4/15)
 Temple: D:4-7

Altars:
Elyvilon
Fedhas
Xom

Shops:
D:2 (

Annotations:
D:4 Menkaure


Innate Abilities, Weirdness & Mutations

You have a pair of horns on your head.
You reflexively headbutt those who attack you in melee.


Message History

No target in view!
No target in view!
No target in view!
No target in view!
An endoplasm comes into view.
The endoplasm quivers.
The endoplasm hits you but does no damage.
You slash the endoplasm!
You kill the endoplasm!
No target in view!
No target in view!
No target in view!
No target in view!
No target in view!
No target in view!
Menkaure, Prince of Dust comes into view.
Menkaure calls on the powers of darkness!
Your body is wracked with pain!
Menkaure casts a spell.
Menkaure seems to speed up.
Menkaure calls on the powers of darkness!
Your body is wracked with pain!
* * * LOW HITPOINT WARNING * * *
You are too injured to fight recklessly!
You are too injured to fight recklessly!
Menkaure hits you but does no damage.
You slash Menkaure!
Menkaure is moderately damaged.
Menkaure hits you!
* * * LOW HITPOINT WARNING * * *
Menkaure calls on the powers of darkness!
You feel a surge of unholy energy.
You slash Menkaure! Your headbutt misses Menkaure.
Menkaure is severely damaged.
Menkaure casts a spell at you.
You barely resist. You hit Menkaure.
Menkaure is almost destroyed.
Menkaure hits you!
You die...

......... ♣.#
##.>....# ..#
#......# ♣♣♣..#
#......' ♣♣....#
#......# #.....#
#......# #.....#
#......# #M....#
..#######
#.@...####.. #.
#.......... #.
#.......... #.
#.......... #.
#.......... ##
#.......... ##
#.....##### #.
#.....##### ######.
#.........###......


You could see Menkaure (fast).

Vanquished Creatures
  Sigmund (D:2)
  A phantom (D:4)
  Terence (D:2)
  Natasha (twice) (D:2)
  An iguana (D:4)
  Robin (D:2)
  2 gnolls (D:1)
  4 adders
  An ufetubus (D:4)
  4 dart slugs (D:2)
  7 endoplasms
  8 giant cockroaches
  17 goblins
  8 hobgoblins
  A quokka (D:1)
  6 ball pythons
  10 bats
  4 frilled lizards
  5 kobolds
  4 rats
88 creatures vanquished.

Notes
Turn   | Place    | Note
-------+----------+-------------------------------------------
     0 | D:1      | senseless the Minotaur Fighter began the quest for the Orb.
     0 | D:1      | Reached XP level 1. HP: 19/19 MP: 0/0
    60 | D:1      | Reached XP level 2. HP: 25/27 MP: 1/1
   197 | D:1      | Reached XP level 3. HP: 33/33 MP: 2/2
   437 | D:2      | Noticed Natasha
   441 | D:2      | Killed Natasha
   442 | D:2      | Reached XP level 4. HP: 37/41 MP: 3/3
   459 | D:2      | Found Bubaqyax's Antique Weapon Shop.
   501 | D:2      | Found a white marble altar of Elyvilon.
   658 | D:2      | Noticed Sigmund
   675 | D:2      | Killed Sigmund
   676 | D:2      | Reached skill level 5 in Fighting
   676 | D:2      | Reached skill level 5 in Armour
   676 | D:2      | Reached skill level 5 in Shields
   676 | D:2      | Reached XP level 5. HP: 44/48 MP: 4/4
   698 | D:2      | Noticed Terence
   708 | D:2      | Killed Terence
   709 | D:2      | Reached XP level 6. HP: 43/56 MP: 5/5
   833 | D:2      | Noticed Natasha
   840 | D:2      | Killed Natasha
  1167 | D:2      | Noticed Robin
  1177 | D:2      | Killed Robin
  2177 | D:3      | Found a shimmering altar of Xom.
  2177 | D:3      | Found a blossoming altar of Fedhas.
  2422 | D:4      | Noticed Menkaure
  2428 | D:4      | HP: 2/57 [Menkaure (16)]
  2430 | D:4      | Mangled by Menkaure

Illustrated notes

Levels and vault maps discovered:
D:1:      dpeg_arrival_windows_large_door, layout_rooms
D:2:      minmay_recursive_quarters, layout_basic, serial_shops,
          nicolae_shop_dealshenge, basic_altar, minmay_misc_feat_five,
          kennysheep_generic_room_4, uniq_terence, uniq_sigmund, uniq_natasha,
          uniq_robin
D:3:      layout_basic, gammafunk_temple_overflow_elements, corner_web_ring
D:4:      layout_gridville, serial_forest, infiniplex_forest_fountain,
          infiniplex_forest_clump_diagonal, infiniplex_forest_lined_ring,
          infiniplex_forest_straight_3, infiniplex_forest_clump_diagonal,
          infiniplex_forest_zigzag_1, hangedman_decor_slide_cut,
          hangedman_decor_clover_reticule, corexii_leaking_fountain,
          minmay_misc_feat_more_columns, uniq_menkaure

Skill      XL: |  1  2  3  4 |
---------------+-------------+-----
Fighting       | 4 5 |  5.7
Shields        | 4 5 |  5.7
Armour         | 4 5 |  5.6
Axes           | 3 4 |  4.9

Action                     |  1- 3 |  4- 6 || total
---------------------------+-------+-------++-------
  Melee: War axe           |    54 |   125 ||   179
         Headbutt          |     9 |    18 ||    27
 Armour: Scale mail        |    42 |     2 ||    44
         Plate armour      |       |    85 ||    85
  Dodge: Dodged            |    29 |    30 ||    59
  Block: Buckler           |    15 |    26 ||    41

Table legend: (Time is in decaauts)
 A = Elapsed time spent in this place.
 B = Non-inter-level travel time spent in this place.
 C = Inter-level travel time spent in this place.
 D = Time resting spent in this place.
 E = Time spent auto-exploring this place.
 F = Levels seen in this place.
 G = Mean time per level.
                   A        B        C        D        E       F      G
               +--------+--------+--------+--------+--------+-----+--------+
         Total |   2487 |   2430 |     57 |      0 |   1926 |   4 |  621.8 |
       Dungeon |   2487 |   2430 |     57 |      0 |   1926 |   4 |  621.8 |
               +--------+--------+--------+--------+--------+-----+--------+

Top non-repeatable levels by time:
     D:2: 1041 daAuts
     D:3: 853 daAuts
     D:1: 441 daAuts
     D:4: 151 daAuts
